Map: [ESL] Ancient Cistern

Players

Dark

  • Race: Zerg Zerg
  • Spawn Location: 7:00

Serral - Winner!

  • Race: Zerg Zerg
  • League: Diamond
  • Spawn Location: 1:00

Event: ESL SC2 Masters 2023 Summer (Finals)

VOD

Have the link to the VOD?

Description

Time

  • Played on: June 16, 2023, 12:43 p.m.
  • Length: 19:11

All games in this series

Show
View Real Time Build Order
Export as new Build Order

Dark Zerg 

Build Orders: Hatch First, Lurkers, Zergling Baneling 

Get SALT Encoding   

  12  0:00  Drone  
  13  0:12  Overlord  
  13  0:17  Drone  
  14  0:30  Drone x2  
  16  0:47  Hatchery  
  15  0:51  Drone  
  15  0:54  Drone  
  17  0:57  Drone  
  18  1:08  Extractor  
  17  1:12  Spawning Pool  
  17  1:16  Drone  
  17  1:19  Drone  
  18  1:27  Drone  
  19  1:38  Drone  
  20  1:50  Drone  
  21  1:59  Queen, Zergling x2  
  21  2:00  Queen  
  21  2:01  Drone  
  27  2:11  Overlord  
  27  2:12  Drone  
  27  2:13  Metabolic Boost  
  28  2:30  Drone, Zergling x2  
  28  2:31  Drone x2  
  32  2:40  Hatchery  
  31  2:45  Queen  
  33  2:52  Baneling Nest  
  33  2:57  Drone  
  33  2:59  Drone  
  33  3:01  Overlord  
  33  3:03  Drone  
  33  3:05  Drone  
  36  3:20  Drone x4, Overlord  
  36  3:24  Zergling x2  
  36  3:25  Zergling x2  
  42  3:32  Zergling x2  
  42  3:33  Drone  
  44  3:36  Baneling  
  44  3:40  Drone x2  
  46  3:47  Drone x2  
  48  3:48  Overlord  
  48  3:50  Zergling x6  
  51  3:55  Zergling x2  
  51  3:56  Zergling x4  
  51  3:58  Baneling  
  51  3:59  Baneling  
  51  4:02  Evolution Chamber  
  53  4:03  Zergling x2  
  53  4:08  Zergling x4  
  57  4:10  Spine Crawler  
  57  4:14  Zergling x2  
  57  4:15  Spine Crawler  
  57  4:16  Zergling x4  
  57  4:17  Baneling  
  57  4:20  Baneling x5  
  57  4:21  Zergling x4  
  59  4:25  Zergling x2  
  59  4:27  Baneling x2  
  59  4:29  Zergling x6  
  59  4:31  Baneling x2  
  60  4:38  Zergling x8  
  60  4:39  Zergling x2  
  60  4:45  Zergling x4, Baneling  
  58  4:50  Zergling x2  
  58  4:51  Zergling x2  
  59  4:53  Baneling, Roach Warren  
  59  4:54  Zergling x2  
  59  4:59  Queen  
  61  5:05  Baneling  
  55  5:07  Zergling x2  
  55  5:08  Zergling x4  
  55  5:13  Zergling x4  
  54  5:17  Zergling x2  
  54  5:20  Queen  
  54  5:21  Zergling x2  
  55  5:24  Zergling x2, Baneling x2  
  55  5:27  Zergling x2  
  55  5:32  Drone  
  56  5:36  Drone  
  56  5:37  Drone  
  56  5:40  Evolution Chamber  
  56  5:41  Drone  
  56  5:45  Extractor, Drone  
  56  5:46  Extractor  
  56  5:48  Drone  
  56  5:55  Drone  
  56  5:56  Drone  
  58  6:00  Drone x3  
  58  6:01  Drone, Hatchery  
  61  6:06  Drone  
  61  6:08  Drone  
  61  6:10  Drone x3  
  61  6:11  Overlord  
  66  6:14  Zerg Missile Weapons Level 1  
  66  6:21  Overlord  
  66  6:22  Overlord  
  66  6:24  Lair  
  66  6:25  Overlord  
  66  6:31  Drone x2  
  66  6:32  Drone x3  
  71  6:41  Drone  
  72  6:49  Roach x7  
  72  6:50  Drone  
  72  6:54  Roach  
  89  7:00  Roach x2  
  93  7:02  Drone x3  
  93  7:06  Roach  
  93  7:07  Overlord  
  97  7:10  Overlord  
  97  7:12  Overlord  
  96  7:16  Roach x2  
  96  7:18  Overlord  
  100  7:23  Glial Reconstitution  
  100  7:24  Extractor  
  100  7:25  Extractor  
  100  7:27  Extractor  
  100  7:28  Drone x4  
  100  7:29  Drone  
  102  7:32  Drone x7  
  102  7:36  Drone x3  
  112  7:47  Overseer  
  112  7:53  Drone x2  
  112  7:55  Roach x8  
  112  7:58  Overlord  
  130  7:59  Overlord  
  130  8:06  Roach x2  
  130  8:07  Overlord x2  
  134  8:15  Overlord  
  134  8:16  Roach x4, Overlord  
  134  8:19  Zerg Missile Weapons Level 2  
  142  8:22  Roach  
  143  8:28  Roach x3  
  143  8:32  Roach x2  
  143  8:33  Roach  
  154  8:36  Hydralisk Den  
  153  8:43  Drone x3  
  153  8:45  Spore Crawler  
  153  8:46  Spore Crawler x2  
  153  8:48  Drone x2  
  155  8:51  Spore Crawler  
  153  8:59  Roach x6  
  153  9:02  Roach x2  
  169  9:08  Lurker Den  
  168  9:10  Hydralisk x2  
  168  9:13  Overlord  
  168  9:15  Hydralisk  
  174  9:17  Overlord  
  174  9:22  Overlord x3  
  174  9:30  Overlord  
  174  9:31  Overlord x2  
  174  9:32  Spore Crawler  
  173  9:39  Overlord  
  173  9:43  Roach  
  173  9:45  Spore Crawler  
  174  9:50  Roach x8  
  190  9:56  Overlord  
  190  10:00  Roach x2  
  190  10:03  Roach x2  
  197  10:09  Roach  
  197  10:10  Roach  
  197  10:12  Roach  
  197  10:13  Roach  
  192  10:15  Roach  
  187  10:23  Roach x2  
  185  10:34  Infestation Pit  
  185  10:35  Lurker x3  
  187  10:37  Drone x3  
  187  10:38  Extractor  
  187  10:39  Extractor  
  187  10:41  Hydralisk  
  190  10:44  Hatchery  
  190  10:45  Pneumatized Carapace  
  190  10:46  Zerg Ground Armor Level 1  
  190  10:47  Hydralisk  
  191  11:02  Hydralisk x4  
  181  11:12  Hydralisk x2  
  181  11:14  Lurker x2  
  187  11:22  Roach x4  
  195  11:27  Lurker  
  196  11:33  Hive  
  196  11:37  Lurker  
  195  11:48  Roach x2  
  199  11:56  Spore Crawler, Lurker x2  
  200  12:01  Spore Crawler  
  200  12:04  Drone  
  200  12:05  Overseer  
  200  12:21  Grooved Spines  
  200  12:27  Extractor, Spore Crawler x2  
  197  12:31  Drone x3  
  197  12:34  Spore Crawler x2  
  197  12:36  Spore Crawler  
  197  12:37  Spore Crawler  
  196  12:39  Lurker x2  
  198  12:46  Zerg Missile Weapons Level 3  
  198  12:47  Adaptive Talons  
  198  12:57  Drone  
  199  12:59  Overlord x2  
  199  13:08  Drone  
  194  13:31  Spore Crawler  
  194  13:33  Muscular Augments  
  191  13:35  Viper x3  
  191  13:37  Hatchery  
  191  13:40  Drone  
  200  13:43  Evolution Chamber  
  200  13:44  Drone x3, Evolution Chamber, Seismic Spines  
  200  13:45  Evolution Chamber  
  200  13:47  Evolution Chamber  
  191  13:51  Nydus Network  
  191  13:52  Hydralisk  
  191  13:53  Roach  
  194  14:02  Hydralisk x2  
  189  14:06  Spore Crawler  
  189  14:08  Hydralisk x5  
  198  14:12  Hydralisk x2  
  180  14:18  Overseer  
  180  14:19  Hydralisk x2  
  180  14:23  Hydralisk  
  176  14:24  Lurker  
  176  14:26  Drone  
  176  14:29  Drone x2  
  180  14:35  Nydus Canal  
  180  14:38  Lurker x4  
  184  14:40  Drone  
  184  14:41  Lurker  
  180  14:55  Nydus Canal  
  180  15:01  Hydralisk x2  
  171  15:09  Hydralisk x2  
  171  15:10  Hydralisk x3  
  171  15:16  Hydralisk  
  170  15:27  Drone x2  
  170  15:28  Drone x6  
  165  15:32  Lurker x3  
  165  15:33  Lurker  
  169  15:37  Tunneling Claws  
  169  15:38  Burrow  
  169  15:41  Drone  
  169  15:42  Drone  
  157  15:51  Hydralisk x3  
  163  15:59  Hydralisk x2  
  163  16:00  Hydralisk  
  168  16:05  Lurker x3  
  168  16:06  Lurker  
  168  16:08  Lurker  
  173  16:13  Lurker, Overseer  
  173  16:14  Hydralisk x2  
  178  16:19  Hydralisk  
  178  16:26  Hydralisk x3  
  178  16:27  Lurker  
  178  16:28  Lurker  
  186  16:42  Hydralisk x3  
  186  16:43  Hydralisk  
  186  16:44  Hydralisk  
  186  16:45  Lurker x3  
  190  16:49  Hydralisk  
  190  16:52  Lurker  
  193  16:56  Overseer  
  193  16:57  Hydralisk x2, Spore Crawler  
  196  17:06  Hydralisk x2  
  191  17:10  Hydralisk x3  
  195  17:16  Hydralisk x2  
  191  17:25  Overseer  
  171  17:33  Hydralisk x4  
  171  17:35  Hydralisk x2, Overseer  
  146  17:38  Hydralisk x2  
  146  17:43  Nydus Canal  
  135  17:45  Roach x3  
  135  17:50  Hydralisk x2  
  142  17:53  Hydralisk  
  139  18:01  Hydralisk x3  
  138  18:17  Hydralisk x2  
  142  18:24  Hydralisk x3  
  148  18:30  Hydralisk x3  
  140  18:42  Hydralisk  
  140  18:43  Hydralisk x2  
  140  18:44  Hydralisk x4  
  140  18:45  Hydralisk x2  
  141  19:04  Lurker x2  
Show
View Real Time Build Order
Export as new Build Order

Serral Zerg - Winner!

Build Orders: Hatch First 

Get SALT Encoding   

  12  0:00  Drone  
  13  0:12  Overlord  
  13  0:16  Drone  
  14  0:30  Drone x2  
  16  0:47  Hatchery  
  15  0:50  Drone  
  15  0:54  Drone  
  17  0:57  Drone  
  18  1:08  Extractor  
  17  1:12  Spawning Pool  
  17  1:15  Drone  
  17  1:19  Drone  
  18  1:27  Drone  
  19  1:38  Drone  
  20  1:50  Drone  
  21  1:58  Queen x2  
  21  1:59  Zergling x2  
  26  2:02  Overlord  
  26  2:07  Metabolic Boost  
  26  2:10  Drone x2  
  28  2:20  Zergling x2  
  28  2:21  Drone  
  30  2:33  Hatchery  
  30  2:36  Drone  
  30  2:38  Drone  
  30  2:41  Drone  
  32  2:46  Baneling Nest  
  32  2:49  Drone  
  32  2:57  Roach Warren  
  31  3:01  Overlord  
  31  3:06  Zergling x2  
  31  3:08  Zergling x2  
  31  3:09  Zergling x2  
  31  3:11  Drone  
  35  3:13  Drone  
  35  3:17  Overlord  
  36  3:23  Zergling x2  
  37  3:38  Roach x2  
  43  3:41  Roach x3  
  43  3:45  Overlord  
  43  3:47  Roach  
  49  3:54  Roach  
  51  3:57  Roach  
  51  4:01  Overlord  
  52  4:04  Zergling x8  
  56  4:10  Zergling x4  
  56  4:16  Baneling  
  58  4:19  Zergling x8  
  58  4:22  Baneling x3  
  58  4:31  Baneling  
  58  4:35  Zergling x10  
  60  4:42  Drone x2  
  55  4:48  Drone x2  
  55  4:50  Zergling x2  
  55  4:51  Baneling x2  
  56  4:57  Zergling x8  
  60  5:00  Drone x2  
  60  5:03  Drone  
  59  5:08  Baneling  
  59  5:11  Drone x2  
  59  5:12  Drone  
  54  5:21  Queen  
  54  5:25  Roach x2, Zergling x4  
  54  5:26  Drone  
  54  5:27  Drone  
  63  5:28  Drone  
  63  5:31  Drone  
  63  5:36  Extractor  
  63  5:37  Baneling x2  
  63  5:39  Drone x2  
  63  5:40  Evolution Chamber  
  63  5:46  Roach  
  63  5:48  Drone x2  
  67  5:52  Overlord  
  67  5:54  Extractor, Drone x4  
  67  5:55  Drone  
  71  5:57  Overlord  
  71  5:59  Drone  
  72  6:06  Drone x2  
  74  6:11  Drone  
  74  6:12  Drone  
  74  6:16  Lair  
  74  6:18  Drone  
  77  6:20  Drone  
  77  6:21  Overlord  
  77  6:25  Drone  
  79  6:29  Roach x4  
  86  6:36  Overlord  
  86  6:37  Extractor  
  86  6:39  Overlord  
  85  6:44  Drone x3  
  85  6:45  Drone x2  
  90  6:47  Drone  
  90  6:49  Drone  
  90  6:52  Extractor  
  90  6:54  Overlord, Baneling  
  90  6:57  Baneling  
  90  6:58  Drone x6  
  96  7:01  Overlord  
  96  7:03  Extractor  
  96  7:04  Drone  
  96  7:05  Hatchery  
  96  7:08  Roach  
  97  7:09  Drone x3  
  97  7:11  Drone  
  100  7:17  Zerg Missile Weapons Level 1  
  100  7:20  Spire  
  100  7:21  Drone  
  100  7:22  Drone, Glial Reconstitution  
  101  7:26  Roach x2  
  101  7:28  Roach  
  101  7:29  Roach  
  108  7:31  Roach  
  108  7:33  Roach  
  108  7:35  Overlord  
  112  7:38  Roach  
  112  7:39  Roach  
  114  7:44  Roach x3  
  114  7:47  Overlord, Overseer  
  120  7:52  Overlord  
  120  7:53  Queen  
  120  7:55  Overlord  
  122  8:02  Roach  
  122  8:03  Roach x4  
  132  8:10  Overlord  
  132  8:22  Overlord x2  
  132  8:33  Mutalisk x7  
  141  8:37  Roach x2  
  141  8:39  Extractor  
  141  8:40  Roach x2  
  141  8:41  Roach  
  154  8:49  Roach x4  
  154  8:50  Roach  
  162  9:04  Roach x4  
  162  9:07  Overlord  
  170  9:14  Roach x8  
  170  9:16  Overlord  
  186  9:17  Zerg Missile Weapons Level 2  
  186  9:19  Overlord  
  186  9:27  Overlord  
  186  9:28  Ravager x3  
  186  9:29  Ravager  
  190  9:32  Roach  
  190  9:35  Hatchery  
  191  9:42  Roach x4  
  197  10:04  Infestation Pit  
  187  10:08  Roach x9  
  189  10:15  Roach x6, Overseer  
  191  10:21  Roach x5  
  191  10:26  Roach x7  
  199  10:37  Burrow  
  199  10:40  Drone, Spine Crawler x2  
  198  10:43  Hive  
  198  10:45  Ravager  
  199  11:00  Roach  
  199  11:01  Roach x2  
  193  11:05  Overseer  
  193  11:10  Roach x7  
  199  11:15  Extractor, Spore Crawler, Hydralisk Den  
  199  11:16  Spine Crawler  
  195  11:20  Drone x2  
  195  11:21  Drone  
  195  11:22  Drone  
  195  11:24  Spine Crawler x2  
  195  11:25  Drone x2  
  199  11:26  Overlord  
  199  11:29  Pneumatized Carapace  
  199  11:33  Zerg Ground Armor Level 1  
  199  11:49  Lurker Den, Muscular Augments  
  194  11:55  Viper  
  194  11:58  Roach x31  
  194  11:59  Roach x21  
  197  12:03  Overseer  
  197  12:08  Spore Crawler  
  197  12:09  Overseer  
  196  12:16  Viper  
  196  12:19  Overseer  
  199  12:24  Roach x14  
  199  12:25  Extractor x2  
  199  12:26  Spore Crawler, Viper  
  198  12:33  Evolution Chamber  
  197  12:51  Spine Crawler  
  197  12:52  Spine Crawler, Viper  
  197  12:53  Spine Crawler  
  197  12:55  Drone  
  197  12:56  Drone  
  199  12:58  Roach x14  
  199  13:00  Zerg Missile Weapons Level 3, Grooved Spines, Seismic Spines  
  199  13:24  Hydralisk x2  
  199  13:38  Hatchery  
  198  13:48  Tunneling Claws  
  198  13:50  Zerg Melee Weapons Level 1  
  198  13:57  Adaptive Talons  
  196  14:03  Overseer  
  196  14:05  Hydralisk  
  196  14:09  Roach x22  
  195  14:11  Viper x2  
  181  14:22  Hydralisk x5  
  185  14:27  Drone x2  
  185  14:28  Drone  
  185  14:30  Lurker x3  
  187  14:35  Hydralisk x6  
  197  14:50  Overseer  
  195  14:53  Hydralisk x2  
  195  14:56  Overseer  
  197  15:06  Overseer  
  187  15:07  Hydralisk x6  
  187  15:13  Drone x5  
  197  15:37  Zerg Ground Armor Level 2  
  197  15:40  Overseer  
  197  15:49  Viper  
  193  15:50  Hydralisk  
  198  16:01  Lurker  
  199  16:05  Roach x24  
  199  16:06  Spine Crawler, Zerg Melee Weapons Level 2  
  199  16:07  Spine Crawler  
  199  16:08  Spine Crawler, Spore Crawler  
  199  16:09  Adrenal Glands  
  195  16:13  Overseer  
  195  16:18  Lurker  
  196  16:21  Overseer  
  196  16:22  Hydralisk  
  198  16:27  Lurker  
  199  16:41  Hydralisk x4  
  195  16:50  Viper  
  195  16:52  Overseer  
  198  16:56  Drone  
  198  17:00  Overlord  
  199  17:02  Overseer  
  199  17:28  Hydralisk x5  
  196  17:33  Hydralisk x18  
  173  17:39  Hydralisk x15  
  173  17:43  Hydralisk  
  177  17:48  Lurker  
  177  17:49  Overlord  
  172  17:52  Hydralisk x2  
  172  18:05  Drone x5, Overlord  
  177  18:06  Overlord x2  
  177  18:10  Lurker x3  
  177  18:12  Lurker x2  
  172  18:21  Hydralisk x3  
  172  18:23  Lurker x2  
  178  18:31  Hydralisk  
  178  18:32  Hydralisk x2  
  182  18:42  Hydralisk x3  
  182  18:46  Overseer x2  
Tags
 
Add a new tag
Caveats
  • Supply blocks, unpowered buildings, or Contaminate may cause inaccurate times.
  • Supply counts are checked every 10 seconds.